 Dungeon Crawl Stone Soup version 0.18-a0-1572-g0a86841 (console) character file.

13454 Liam the Thaumaturge (level 11, -3/76 HPs)
             Began as a High Elf Wizard on Mar 15, 2016.
             Was an Elder of Vehumet.
             Slain by a wraith (6 damage)
             ... on level 10 of the Dungeon.
             The game lasted 01:01:10 (21665 turns).

Liam the Thaumaturge (High Elf Wizard)             Turns: 21665, Time: 01:01:10

Health: -3/76      AC:  9    Str:  6    XL:     11   Next: 75%
Magic:  2/27       EV: 11    Int: 26    God:    Vehumet [****..]
Gold:   501        SH:  0    Dex: 14    Spells: 5 memorised, 22 levels left

rFire  . . .     SeeInvis .     a - +1 dagger (venom)
rCold  . . .     Gourm    .     C - +2 leather armour {MR+}
rNeg   . . .     Faith    .     (no shield)
rPois  .         Spirit   .     b - +0 hat
rElec  .         Dismiss  .     y - +1 cloak
rCorr  .         Reflect  .     I - +0 pair of gloves
SustAt .         Harm     .     L - +0 pair of boots
MR     ++...                    r - amulet of regeneration
Stlth  +++.......               (no ring)
                                u - ring of stealth

@: slowed, repel missiles, very slow, very resistant to hostile enchantments,
fairly stealthy
A: no striking features
a: Renounce Religion


You were on level 10 of the Dungeon.
You worshipped Vehumet.
Vehumet was greatly pleased with you.
You were very hungry.

You visited 2 branches of the dungeon, and saw 12 of its levels.
You also visited: Sewer.

You collected 501 gold pieces.

Inventory:

Hand Weapons
 a - a +1 dagger of venom (weapon)
Armour
 b - a +0 hat (worn)
 y - a +1 cloak (worn)
 C - a +2 leather armour of magic resistance (worn)
 I - a +0 pair of gloves (worn)
 L - a +0 pair of boots (worn)
Jewellery
 l - an uncursed amulet of rage
 r - an amulet of regeneration (around neck)
 u - a ring of stealth (left hand)
 w - an uncursed ring of ice
 D - an uncursed ring of ice
Wands
 x - a wand of flame (42/48)
 J - a wand of teleportation (5/9)
Scrolls
 e - 3 scrolls of magic mapping
 f - a scroll of fog {unknown}
 i - a scroll of amnesia
 j - 2 scrolls of recharging
 k - 3 scrolls of teleportation
 m - 4 scrolls of remove curse {unknown}
 o - 9 scrolls of identify
 s - a scroll of immolation
 H - a scroll of enchant weapon
 N - a scroll of fear
 O - 2 scrolls of enchant armour
Potions
 g - 2 potions of brilliance {unknown}
 h - 10 potions of curing
 n - a potion of invisibility
 p - 2 potions of degeneration {unknown}
 q - a potion of agility
 t - 4 potions of heal wounds {unknown}
 z - 3 potions of might {unknown}
 A - 4 potions of lignification {unknown}
 E - 3 potions of mutation {unknown}
 G - a potion of berserk rage {unknown}
 M - a potion of magic {unknown}
 P - 2 potions of cancellation {unknown}
Books
 c - a book of Minor Magic

   Spells                             Type                      Level
   a - Magic Dart                     Conjuration                  1
   b - Blink                          Translocation                2
   c - Call Imp                       Summoning                    2
   d - Repel Missiles                 Charms/Air                   2
   e - Slow                           Hexes                        2
   f - Conjure Flame                  Conjuration/Fire             3
   g - Mephitic Cloud                 Conjuration/Poison/Air       3
Comestibles
 d - 11 bread rations
 v - 2 meat rations
 F - 2 royal jellies
 K - 7 slices of pizza


   Skills:
 + Level 7.6 Fighting
 - Level 2.1 Dodging
 - Level 2.1 Stealth
 + Level 11.5 Spellcasting
 + Level 11.0 Conjurations
 - Level 3.0 Charms
   Level 0.8 Summonings
 - Level 4.1 Translocations
 + Level 6.1 Fire Magic
 - Level 6.1 Air Magic
 - Level 3.0 Poison Magic


You had 22 spell levels left.
You knew the following spells:

 Your Spells              Type           Power        Failure   Level  Hunger
a - Magic Dart            Conj           ####         1%          1    None
b - Blink                 Tloc           N/A          1%          2    None
d - Mephitic Cloud        Conj/Pois/Air  #####...     1%          3    None
e - Conjure Flame         Conj/Fire      ######..     1%          3    None
m - Repel Missiles        Chrm/Air       #####.       1%          2    None


Dungeon Overview and Level Annotations

Branches:
Dungeon (11/15)            Temple (1/1) D:5            Lair (0/8) D:11
    Orc: D:9-12

Altars:
Ashenzari
Cheibriados
Dithmenos
Elyvilon
Fedhas
Gozag
Kikubaaqudgha
Makhleb
Nemelex Xobeh
Okawaru
Pakellas
Qazlal
Ru
Sif Muna
Trog
Vehumet
Xom
Yredelemnul
Zin
The Shining One

Shops:
D:7 :*

Annotations:
D:10 Maud


Message History

Press: ? - help, Dir - move target cursor, p - wraith The fire roars!
The wraith barely misses you. The wraith hits you.
Maud is engulfed in roaring flames.
Maud hits you from afar with a demon trident of freezing!!
Maud freezes you. The wraith hits you. The wraith drains your vigour!
You feel yourself slow down.
Maud is engulfed in roaring flames.
Maud hits you from afar with a demon trident of freezing!!
* * * LOW HITPOINT WARNING * * *
Maud freezes you.
* * * LOW HITPOINT WARNING * * *
The wraith hits you.
* * * LOW HITPOINT WARNING * * *
Maud is engulfed in roaring flames.
Maud hits you from afar with a demon trident of freezing.
* * * LOW HITPOINT WARNING * * *
Maud freezes you.
* * * LOW HITPOINT WARNING * * *
The wraith hits you.
You die...

#################################
...............[@W@..............
.###........##.#####.............
.# #..###...##.# #.............
.# #..# #...##.# #.@...........
.# #..# #...##.# #.............
.# #..# #...##.# #.............
.# #..# #...##.# #.............
.# #.)# #...##.# #......[......
.# #..# #......# #.............


You could see Maud and a wraith.

Vanquished Creatures
  Harold (D:10)
  Pikel (D:8)
  4 hill giants
  Joseph (D:9)
  Psyche (D:8)
  A centaur skeleton (D:11)
  Grinder (D:3)
  A wyvern (D:9)
  Eustachio (D:4)
  A hog (D:8)
  3 basilisks (D:10)
  7 yaks
  2 hippogriffs (D:9)
  A human (D:8)
  4 hungry ghosts
  A steam dragon (D:10)
  2 water moccasins
  2 porcupines
  4 orc warriors
  8 sky beasts
  A slave (D:8)
  2 black bears
  A wasp (D:10)
  5 necrophages
  A phantom (D:10)
  2 ice beasts
  4 ogres
  4 centaurs
  The ghost of Ijustatesigmund the Insei, an amateur OpTm (D:3)
  A crocodile (D:10)
  2 big kobolds (D:9)
  6 giant frogs
  A gnoll sergeant (D:9)
  4 scorpions
  A wyvern skeleton (D:8)
  A jelly (D:8)
  13 killer bees
  A howler monkey (D:6)
  4 wights
  3 centaur zombies
  5 crimson imps
  2 quasits (D:9)
  3 giant frog zombies
  5 hounds
  8 orc wizards
  6 orc priests
  A giant frog skeleton (D:8)
  An iguana (D:4)
  5 worker ants
  2 sheep (D:8)
  2 hound zombies
  3 worker ant zombies
  10 gnolls
  A howler monkey skeleton (D:7)
  18 adders
  A river rat (D:10)
  3 shadow imps
  5 oozes
  An adder skeleton (D:4)
  2 adder zombies (D:5)
  3 worms
  3 dart slugs
  13 giant geckos
  54 orcs
  5 giant cockroaches
  2 gnoll zombies (D:7)
  5 goblins
  4 hobgoblins
  23 jackals
  8 quokkas
  2 ball pythons (D:2)
  13 bats
  15 giant newts
  A jackal zombie (D:8)
  15 kobolds
  2 quokka zombies
  13 rats
370 creatures vanquished.

Vanquished Creatures (collateral kills)
  2 killer bees (D:9)
2 creatures vanquished.

Vanquished Creatures (others)
  2 sky beasts (D:8)
  A slave (D:8)
  An orc (D:8)
  A plant (D:11)
5 creatures vanquished.

Grand Total: 377 creatures vanquished

Notes
Turn   | Place    | Note
--------------------------------------------------------------
     0 | D:1      | Liam the High Elf Wizard began the quest for the Orb.
     0 | D:1      | Reached XP level 1. HP: 11/11 MP: 6/6
   232 | D:1      | Reached XP level 2. HP: 17/17 MP: 1/7
   403 | D:1      | Learned a level 2 spell: Blink
  1362 | D:2      | Reached XP level 3. HP: 21/21 MP: 3/9
  2319 | D:2      | Reached XP level 4. HP: 27/27 MP: 7/11
  2348 | D:2      | Learned a level 2 spell: Repel Missiles
  2352 | D:2      | Learned a level 3 spell: Conjure Flame
  2356 | D:2      | Learned a level 3 spell: Mephitic Cloud
  2892 | D:3      | Noticed Ijustatesigmund's ghost (amateur OpTm)
  3277 | D:3      | Found a sparkling altar of Nemelex Xobeh.
  3372 | D:2      | Reached skill level 1 in Charms
  3481 | D:3      | Reached XP level 5. HP: 31/31 MP: 10/13
  3559 | D:3      | Reached skill level 1 in Poison Magic
  3757 | D:3      | Found a shadowy altar of Dithmenos.
  3954 | D:3      | Reached skill level 1 in Fire Magic
  4037 | D:4      | Reached skill level 1 in Air Magic
  4140 | D:3      | Killed Ijustatesigmund's ghost
  4190 | D:4      | Found a burning altar of Makhleb.
  4196 | D:4      | Reached XP level 6. HP: 36/36 MP: 4/14
  4231 | D:4      | Noticed a sky beast
  4256 | D:4      | Killed a sky beast
  4256 | D:4      | Reached skill level 5 in Spellcasting
  4421 | D:4      | Noticed Grinder
  4546 | D:4      | Noticed Eustachio
  4849 | D:4      | Killed Eustachio
  4849 | D:4      | Reached XP level 7. HP: 41/41 MP: 0/16
  5421 | D:4      | Paralysed by Grinder for 5 turns
  5819 | D:3      | Killed Grinder
  6005 | D:4      | Reached XP level 8. HP: 46/46 MP: 1/17
  6190 | D:5      | Entered Level 5 of the Dungeon
  6338 | D:5      | Noticed a troll
  6457 | D:5      | Reached skill level 5 in Conjurations
  6502 | D:5      | Found a glowing drain.
  6548 | Sewer    | Entered a sewer
  6920 | D:5      | Found a staircase to the Ecumenical Temple.
  6926 | Temple   | Entered the Ecumenical Temple
  7801 | D:5      | Found a deep blue altar of Sif Muna.
  8768 | D:6      | Reached skill level 5 in Air Magic
  8890 | D:6      | Found a blossoming altar of Fedhas.
  9285 | D:6      | Found a sacrificial altar of Ru.
  9286 | D:6      | Found a radiant altar of Vehumet.
  9286 | D:6      | Found a stormy altar of Qazlal.
  9289 | D:6      | Found an oddly glowing altar of Pakellas.
  9350 | D:6      | Became a worshipper of Vehumet
  9476 | D:6      | Reached XP level 9. HP: 51/51 MP: 0/20
  9720 | D:7      | Found Gifuleob's Goods Gallery.
 10066 | D:7      | Found a basalt altar of Yredelemnul.
 10355 | D:7      | Reached * piety under Vehumet
 10355 | D:7      | Offered knowledge of Sandblast by Vehumet.
 10526 | D:7      | Reached skill level 5 in Fire Magic
 10644 | D:7      | Found Sagovyu's Book Shoppe.
 10747 | D:7      | Found a shattered altar of Ashenzari.
 10985 | D:8      | Noticed Psyche
 11001 | D:8      | Killed Psyche
 11783 | D:8      | Reached skill level 1 in Fighting
 12221 | D:8      | Noticed Pikel
 12228 | D:8      | Killed Pikel
 12228 | D:8      | Reached XP level 10. HP: 59/61 MP: 9/23
 12230 | D:8      | Found a glowing golden altar of the Shining One.
 12287 | D:8      | You fall through a shaft!
 12466 | D:8      | Found an oddly glowing altar of Pakellas.
 12960 | D:8      | Reached ** piety under Vehumet
 12978 | D:8      | Offered knowledge of Sting by Vehumet.
 14244 | D:9      | Noticed a hill giant
 14584 | D:9      | Killed a hill giant
 14638 | D:9      | Found an ancient bone altar of Kikubaaqudgha.
 14806 | D:10     | Entered Level 10 of the Dungeon
 14860 | D:9      | Offered knowledge of Ignite Poison by Vehumet.
 14862 | D:9      | Reached skill level 5 in Fighting
 15044 | D:10     | Reached skill level 10 in Spellcasting
 15207 | D:10     | Noticed Harold
 15276 | D:9      | Reached *** piety under Vehumet
 16218 | D:9      | Reached XP level 11. HP: 72/72 MP: 14/26
 16456 | D:10     | Offered knowledge of Airstrike by Vehumet.
 16617 | D:10     | Noticed Maud
 17321 | D:9      | Noticed a hill giant
 17359 | D:9      | Killed a hill giant
 17570 | D:10     | Reached skill level 10 in Conjurations
 17608 | D:10     | Reached **** piety under Vehumet
 17658 | D:10     | Noticed Joseph
 18049 | D:10     | Killed Harold
 18469 | D:9      | Killed Joseph
 19318 | D:10     | Noticed a hill giant
 19445 | D:9      | Killed a hill giant
 19854 | D:10     | Noticed a hill giant
 20304 | D:10     | Killed a hill giant
 21087 | D:11     | Noticed an eight-headed hydra
 21477 | D:11     | Found a staircase to the Lair.
 21500 | D:11     | Offered knowledge of Irradiate by Vehumet.
 21665 | D:10     | HP: 3/76 [Maud/demon trident of freezing (1)]
 21665 | D:10     | Slain by a wraith

Vault maps used:
D:1:      saegor_arrival_simple_b
D:2:      first_bread, minmay_misc_feat_alley, grunt_decor_cap
D:3:      nicolae_overflow_crystal_walls, lemuel_round_altar
D:4:      black_bear_nest_2, lemuel_crystal_altar, ldierk_geyser, uniq_grinder,
          uniq_eustachio
D:5:      minmay_temple_entry_nine_rooms, basic_altar, portal_sewer_entry_f
D:6:      old_standard_altar, minitemple
D:7:      lemuel_zombie_altar_yredelemnul, marbit_many_paths, serial_shops,
          shop_fountains, nicolae_alphabet_shops
D:8:      tso_metal_star, grunt_livestock, grunt_pakellas_salt, uniq_pikel,
          uniq_psyche
D:9:      lemuel_crystal_altar, minivault_1, kennysheep_generic_room_13
D:10:     uniq_harold, uniq_maud, uniq_joseph
D:11:     minmay_lair_entry_grove, orc_0_dummy, st_stairs_5, minmay_misc_feat_x
Temple:   minmay_temple_bridge_a_8
Sewer:    sewer_co_cracked_pipes

Skill      XL: |  1  2  3  4  5  6  7  8  9 10 11 |
---------------+----------------------------------+-----
Spellcasting   | 4 5 7 8 10 11 | 11.5
Conjurations   | 2 3 4 6 7 9 11 | 11.0
Charms         | 1 2 3 |  3.0
Poison Magic   | 1 2 3 |  3.0
Fire Magic     | 1 2 3 4 6 |  6.1
Air Magic      | 1 2 3 5 6 |  6.1
Translocations | 2 3 4 |  4.1
Fighting       | 2 5 7 |  7.6
Dodging        | |  2.1
Stealth        | |  2.1
Summonings     | |  0.8

Action                   |  1- 3 |  4- 6 |  7- 9 | 10-12 || total
-------------------------+-------+-------+-------+-------++-------
Melee: Unarmed           |    12 |     3 |    11 |       ||    26
       Dagger            |       |       |     1 |     8 ||     9
 Cast: Magic Dart        |   116 |   173 |   598 |   929 ||  1816
       Repel Missiles    |       |     1 |     1 |     2 ||     4
       Blink             |       |     1 |    18 |    63 ||    82
       Mephitic Cloud    |       |     4 |    40 |    85 ||   129
       Conjure Flame     |       |     4 |    16 |    65 ||    85
  Use: Scroll            |       |       |    11 |     2 ||    13
       Potion            |       |       |       |     3 ||     3
  Eat: Chunk             |     3 |     8 |    20 |    18 ||    49
       Fruit             |       |     1 |     2 |       ||     3
       Beef jerky        |       |       |       |     9 ||     9
